 Dungeon Crawl Stone Soup version 0.31-a0-319-g4fced400ed (webtiles) character file.

Game seed: 9384312840073687484

14415 Apogee the Grappler (level 11, -3/172 HPs)
             Began as a Troll Gladiator on July 17, 2023.
             Was a Priest of Trog.
             Slain by a white ugly thing (17 damage)
             ... on level 12 of the Dungeon.
             The game lasted 00:14:45 (8524 turns).

Apogee the Grappler (Troll Gladiator)               Turns: 8524, Time: 00:14:45

Health: -3/172     AC: 13    Str: 26    XL:     11   Next: 88%
Magic:  10/10      EV: 10    Int:  6    God:    Trog [***...]
Gold:   792        SH:  4    Dex: 11    Spells: 9/10 levels left

rFire   . .          .
                       - Unarmed
rCold   . . .        (no shield)
rNeg    + . .        a - +0 acid dragon scales
rPois   .            h - +2 hat
rElec   .            (no cloak)
rCorr   +            (gloves unavailable)
SInv    .            (boots unavailable)
Will    +....        (no amulet) Stlth
                     w - ring of willpower
HPRegen 1.28/turn    l - ring of positive energy
MPRegen 0.12/turn

%: no passive effects
@: berserking (expiring), studying Axes, very quick
A: large, unfitting armour, claws 3, regeneration 1, shaggy fur 1, tough skin 1,
iridescent scales 1, large bone plates 1
a: Renounce Religion, Berserk, Trog's Hand


You were on level 12 of the Dungeon.
You worshipped Trog.
Trog was most pleased with you.
You visited 1 branch of the dungeon, and saw 13 of its levels.
You also visited: Sewer.

You collected 792 gold pieces.

Inventory:

Missiles
 c - 3 throwing nets (quivered) {!f}
 d - a large rock
 q - 83 stones
Armour
 a - +0 acid dragon scales (worn)
   (You found it on level 10 of the Dungeon)
 b - a +0 troll leather armour
   (You found it on level 12 of the Dungeon)
 h - a +2 hat (worn)
   (You found it on level 10 of the Dungeon)
Jewellery
 l - a ring of positive energy (right claw)
   (You found it on level 2 of the Dungeon)
 r - a ring of fire
   (You found it on level 5 of the Dungeon)
 t - a ring of ice
   (You found it on level 2 of the Dungeon)
 w - a ring of willpower (left claw)
   (You found it on level 3 of the Dungeon)
 C - a +4 ring of protection
   (You found it on level 9 of the Dungeon)
 D - an amulet of faith {!P}
   (You found it on level 6 of the Dungeon)
 E - a +6 ring of strength
   (You found it on level 6 of the Dungeon)
Wands
 i - a wand of light (19)
   (You found it on level 4 of the Dungeon)
 v - a wand of digging (12)
   (You found it on level 8 of the Dungeon)
 z - a wand of mindburst (7)
   (You found it on level 6 of the Dungeon)
 M - a wand of roots (30)
   (You found it on level 3 of the Dungeon)
Scrolls
 e - a scroll of revelation
 g - 4 scrolls of teleportation {@r4}
 j - a scroll of enchant weapon
 o - 2 scrolls of fear
 y - 5 scrolls of blinking
 B - 2 scrolls of poison {!r}
 V - a scroll of silence {unknown}
Potions
 k - 3 potions of mutation {!q}
 p - 5 potions of enlightenment
 u - a potion of berserk rage
 x - 2 potions of lignification {!q}
 I - a potion of cancellation
 J - 3 potions of curing {@q1}
 Z - 2 potions of might {unknown}


   Skills:
 + Level 9.5 Fighting
 + Level 3.9 Throwing
 + Level 3.9 Armour
 + Level 4.8 Dodging
 - Level 14.0 Unarmed Combat


You had 9 spell levels left.
You knew the following spells:

 Your Spells              Type           Power      Damage    Failure   Level
a - Sting                 Tmut/Pois      0%         1d3       52%         1

Your spell library contained the following spells:

 Spells                   Type           Power      Damage    Failure   Level
 Poisonous Vapours        Pois/Air       0%         N/A       65%         2
 Hailstorm                Conj/Ice       0%         3d3       87%         3
 Olgreb's Toxic Radiance  Pois           0%         N/A       99%         4
 Summon Ice Beast         Ice/Summ       0%         N/A       99%         4
 Simulacrum               Ice/Necr       0%         N/A       100%        6


Dungeon Overview and Level Annotations

Branches:
Dungeon (13/15)            Temple (0/1) D:7            Lair (0/5) D:9
    Orc (0/2) D:9           Sewer (visited)
 Vaults: D:13-14

Altars:
Dithmenos
Fedhas
Kikubaaqudgha
Nemelex Xobeh
Okawaru
Ru
Sif Muna
Trog
Uskayaw

Shops:
D:1 *

Annotations:
D:5 1 runed translucent door, Crazy Yiuf


Innate Abilities, Weirdness & Mutations

You are too large for most types of armour.
You have claws for hands.
Your natural rate of healing is unusually fast.
You are covered in fur. (AC +1)
You have tough skin. (AC +1)
You are partially covered in iridescent scales. (AC +2)
You are partially covered in large bone plates. (SH +4)


Message History

The great orb of eyes closely misses you.
The skeletal warrior closely misses you.
You mangle the great orb of eyes!! You claw the great orb of eyes!
The great orb of eyes closely misses you.
The skeletal warrior hits you from afar with a +0 trident!
You mangle the great orb of eyes!!
You kill the great orb of eyes!
Trog accepts your kill.
A skeletal warrior comes into view. It is wielding a +0 flail.
The yak barely misses you.
The skeletal warrior hits you with a +0 trident!
Items here: ))) ††.
You claw the skeletal warrior!
You feel the effects of Trog's Hand fading.
You claw the skeletal warrior! The yak closely misses you.
A skeletal warrior comes into view. It is wielding a +0 short sword.
The skeletal warrior hits you with a +0 trident!!
* * * LOW HITPOINT WARNING * * *
The skeletal warrior hits you from afar with a +0 trident!
* * * LOW HITPOINT WARNING * * *
You barely miss the yak. You claw the yak! You eviscerate the yak!!!
You kill the yak!
Trog accepts your kill.
The skeletal warrior hits you from afar with a +0 trident!!
* * * LOW HITPOINT WARNING * * *
You mangle the skeletal warrior!! You eviscerate the skeletal warrior!!!
The skeletal warrior closely misses you.
The skeletal warrior barely misses you.
You barely miss the skeletal warrior. You barely miss the skeletal warrior.
You claw the skeletal warrior.
You destroy the skeletal warrior!
Trog accepts your kill.
The skeletal warrior hits you from afar with a +0 trident!!
* * * LOW HITPOINT WARNING * * *
The white ugly thing trunk-slaps you but does no damage.
Items here: )))) †††.
You barely miss the skeletal warrior. You claw the skeletal warrior!!
The skeletal warrior hits you with a +0 trident!!
* * * LOW HITPOINT WARNING * * *
You mangle the skeletal warrior!!
You destroy the skeletal warrior!
Trog accepts your kill.
Your skin stops crawling.
You feel less strong-willed. The white ugly thing trunk-slaps you.
* * * LOW HITPOINT WARNING * * *
The white ugly thing freezes you!
You die... #. #. #. . #. .. ##############. ... ............... yG..

...#####'##.(.. ..≈Y.
#########......#....
?.≈)..#Y)@...........#....
zY≈..Wzzu####........#....
[Y≈[..#Zy...#........#....
..≈.. #.#...#........#....
.... #.#...#........#....
u.. ..#...#........#....
.. #..#...#........#.... .
#..#...+........#....
##.#...# #....


You could see a white ugly thing, 2 skeletal warriors, a yak, a wraith, a
vampire mosquito and a centaur warrior simulacrum.

Vanquished Creatures
  A great orb of eyes (D:12)
  2 two-headed ogres
  2 skeletal warriors (D:12)
  Pikel (D:5)
  A deep elf pyromancer (D:12)
  A manticore (D:12)
  3 gargoyles (D:12)
  2 komodo dragons
  3 trolls
  Grinder (D:5)
  3 hornets
  A shadow (D:12)
  Eustachio (D:5)
  19 yaks
  4 vampire mosquitoes (D:12)
  Edmund (D:5)
  An acid dragon (D:10)
  2 water moccasins
  6 orc warriors
  2 ice beasts (D:5)
  2 sky beasts
  4 black bears
  A centaur (D:9)
  An ogre (D:4)
  3 kobold brigands
  Blork the orc (D:5)
  4 bullfrogs
  8 wights
  11 killer bees
  8 howler monkeys
  A quasit (D:7)
  3 hounds
  A jelly (D:4)
  5 orc priests
  3 sleepcaps
  Terence (D:3)
  A gnoll bouda (D:10)
  Natasha (twice) (D:4)
  2 iguanas (D:5)
  8 orc wizards
  3 gnolls (D:10)
  4 adders
  2 shadow imps
  4 white imps
  5 ufetubi
  22 orcs
  6 endoplasms
  3 giant cockroaches
  6 goblins
  6 hobgoblins
  6 jackals
  21 kobolds
  4 quokkas
  7 ball pythons
  5 bats
  7 frilled lizards
  4 rats
242 creatures vanquished.

Notes
Turn   | Place    | Note
-------+----------+-------------------------------------------
     0 | D:1      | Apogee the Troll Gladiator began the quest for the Orb.
     0 | D:1      | Reached XP level 1. HP: 19/19 MP: 0/0
     8 | D:1      | Noticed a merfolk zombie
    53 | D:1      | Found Utusaov's Assorted Antiques.
    63 | D:1      | Reached XP level 2. HP: 25/28 MP: 1/1
   486 | D:2      | Reached XP level 3. HP: 35/35 MP: 2/2
   627 | D:2      | Reached skill level 4 in Unarmed Combat
  1404 | D:3      | Found a sparkling altar of Nemelex Xobeh.
  1404 | D:3      | Found a blossoming altar of Fedhas.
  1405 | D:3      | Found an ancient bone altar of Kikubaaqudgha.
  1521 | D:3      | Noticed Terence
  1528 | D:3      | Killed Terence
  1529 | D:3      | Reached XP level 4. HP: 38/44 MP: 3/3
  1582 | D:3      | Found a shadowy altar of Dithmenos.
  1982 | D:3      | Gained mutation: You are partially covered in iridescent
                  | scales. (AC +2) [potion of mutation]
  1982 | D:3      | Gained mutation: You are partially covered in large bone
                  | plates. (SH +4) [potion of mutation]
  2027 | D:4      | Noticed an ogre
  2032 | D:4      | Killed an ogre
  2033 | D:4      | Reached skill level 5 in Unarmed Combat
  2033 | D:4      | Reached XP level 5. HP: 52/52 MP: 4/4
  2033 | D:4      | Found a transporter.
  2055 | D:4      | Found a transporter.
  2205 | D:4      | Found an iron altar of Okawaru.
  2205 | D:4      | Noticed Natasha
  2210 | D:4      | Killed Natasha
  2250 | D:4      | Found a glowing drain.
  2265 | Sewer    | Entered a sewer
  2316 | Sewer    | Noticed a water moccasin
  2331 | Sewer    | Killed a water moccasin
  2332 | Sewer    | Reached skill level 6 in Unarmed Combat
  2332 | Sewer    | Reached XP level 6. HP: 32/61 MP: 5/5
  2567 | D:4      | Found a sacrificial altar of Ru.
  2676 | D:4      | Noticed an orc warrior
  2684 | D:4      | Killed an orc warrior
  2743 | D:4      | Reached XP level 7. HP: 68/68 MP: 6/6
  2850 | D:4      | Reached skill level 7 in Unarmed Combat
  3185 | D:4      | Noticed Natasha
  3190 | D:4      | Killed Natasha
  3200 | D:5      | Entered Level 5 of the Dungeon
  3379 | D:5      | Noticed Blork the orc
  3385 | D:5      | Killed Blork the orc
  3467 | D:5      | Noticed Grinder
  3480 | D:5      | Killed Grinder
  3481 | D:5      | Reached skill level 8 in Unarmed Combat
  3481 | D:5      | Reached XP level 8. HP: 79/79 MP: 7/7
  3512 | D:5      | Reached skill level 5 in Fighting
  3606 | D:5      | Reached skill level 9 in Unarmed Combat
  3678 | D:5      | Noticed Edmund
  3688 | D:5      | Killed Edmund
  3714 | D:5      | Noticed Pikel
  3722 | D:5      | Killed Pikel
  3723 | D:5      | Reached skill level 10 in Unarmed Combat
  3723 | D:5      | Reached XP level 9. HP: 88/89 MP: 8/8
  3819 | D:5      | Found a runed translucent door.
  3820 | D:5      | Noticed Crazy Yiuf
  4010 | D:5      | Noticed Eustachio
  4018 | D:5      | Killed Eustachio
  4450 | D:6      | Noticed a komodo dragon
  4468 | D:6      | Killed a komodo dragon
  4599 | D:6      | Found a bloodstained altar of Trog.
  4631 | D:6      | Became a worshipper of Trog the Wrathful
  4851 | D:7      | Reached skill level 11 in Unarmed Combat
  4857 | D:7      | Noticed a troll
  4862 | D:7      | Killed a troll
  5023 | D:7      | Paralysed by a hornet for 3 turns
  5109 | D:7      | Found a staircase to the Ecumenical Temple.
  5241 | D:7      | Reached * piety under Trog
  5380 | D:7      | Reached skill level 12 in Unarmed Combat
  5383 | D:7      | Reached XP level 10. HP: 59/102 MP: 9/9
  5998 | D:8      | Found a shimmering blue altar of Sif Muna.
  6207 | D:8      | Reached ** piety under Trog
  6376 | D:8      | Was placed under penance by Trog
  6378 | D:8      | Learned a level 1 spell: Sting
  6413 | D:9      | Found a staircase to the Lair.
  6417 | D:9      | Reached skill level 13 in Unarmed Combat
  6497 | D:9      | Noticed a two-headed ogre
  6516 | D:9      | Killed a two-headed ogre
  6595 | D:9      | Found a staircase to the Orcish Mines.
  6649 | D:9      | Was forgiven by Trog
  7330 | D:10     | Entered Level 10 of the Dungeon
  7356 | D:10     | Reached skill level 14 in Unarmed Combat
  7356 | D:10     | Reached XP level 11. HP: 108/113 MP: 10/10
  7371 | D:10     | Reached skill level 1 in Armour
  7530 | D:10     | Reached *** piety under Trog
  7564 | D:10     | Found a hide-covered altar of Uskayaw.
  7565 | D:10     | Noticed a +0 dagger
  7566 | D:10     | Noticed a +0 hand axe
  8083 | D:11     | You fall into a shaft and drop 2 floors!
  8259 | D:12     | Noticed a deep elf pyromancer
  8264 | D:12     | Killed a deep elf pyromancer
  8484 | D:12     | Noticed a two-headed ogre
  8484 | D:12     | Noticed a white ugly thing
  8484 | D:12     | Noticed a great orb of eyes
  8484 | D:12     | Noticed a skeletal warrior
  8493 | D:12     | Killed a two-headed ogre
  8499 | D:12     | Noticed a skeletal warrior
  8511 | D:12     | Killed a great orb of eyes
  8512 | D:12     | Noticed a skeletal warrior
  8514 | D:12     | Noticed a skeletal warrior
  8521 | D:12     | Killed a skeletal warrior
  8524 | D:12     | Killed a skeletal warrior
  8524 | D:12     | Slain by a white ugly thing

Illustrated notes

Levels and vault maps discovered:
D:1:      shiori_arrival_whats_in_store_for_you, layout_rooms, serial_shops,
          nicolae_shop_stone
D:2:      layout_loops_ring, reono_crystal_passage, hangedman_decor_opposing,
          chequers_serial_rivers_micro_c, grunt_decor_resistance,
          nicolae_concentric_dashed_squares_wild, nrook_mini_backslash,
          minmay_crystal_room
D:3:      layout_rooms, overflow_temple_1_default,
          nicolae_overflow_hidden_temple, kennysheep_potato, uniq_terence
D:4:      gammafunk_wand_slinger, layout_loops_corners,
          nicolae_ru_sacrificial_ziggurat, mainiacjoe_overflow_24_doors,
          portal_sewer_entry_d, minmay_manual_mandibuliform, uniq_natasha
D:5:      layout_loops_ring, uniq_blork_the_orc, uniq_grinder, uniq_pikel,
          uniq_crazy_yiuf_cottage, uniq_edmund, uniq_eustachio
D:6:      layout_rooms, trog_three_pillars_becter, serial_curves,
          eino_curves_02, eino_curves_03, minmay_three_doors
D:7:      layout_loops_cross, minmay_temple_entry_ruins, serial_demonic,
          serial_demonic_e, serial_demonic_e, serial_demonic_c, serial_demonic_a
D:8:      layout_basic, lemuel_blue_sif_altar
D:9:      layout_small_grid, dpeg_oklobed_lair, orc_0_dummy, st_stairs_9,
          eino_curves_01, dreamdust_mushroom_princess
D:10:     layout_irregular_city, dancing_weapons_uskayaw
D:11:     layout_loops_corners, nicolae_trove_entry_crossroad,
          nicolae_the_louvre, uniq_lodul, uniq_psyche, uniq_amaemon
D:12:     layout_irregular_city, serial_shops, kennysheep_little_box,
          grunt_potential
D:13:     layout_irregular_city, hangedman_vaults_entry_quadrant_bands,
          nicolae_specific_store

Skill      XL: |  1  2  3  4  5  6  7  8  9 10 11 |
---------------+----------------------------------+-----
Fighting       | 2 3 4 5 7 8 9 |  9.5
Unarmed Combat | 4 5 6 8 10 12 14 | 14.0
Armour         | 3 |  3.9
Dodging        | 4 |  4.8
Throwing       | 3 |  3.9

Action                     |  1- 3 |  4- 6 |  7- 9 | 10-12 || total
---------------------------+-------+-------+-------+-------++-------
  Melee: Unarmed           |    83 |    73 |   211 |   303 ||   670
         Punch             |     1 |       |    14 |    25 ||    40
 Invoke: Berserk           |       |       |       |     1 ||     1
         Trog's Hand       |       |       |       |     1 ||     1
  Evoke: Wand              |       |       |       |     1 ||     1
    Use: Scroll            |       |    10 |       |     7 ||    17
         Potion            |       |     7 |       |       ||     7
   Stab: Sleeping          |     1 |       |       |       ||     1
 Armour: Robe              |    26 |    18 |    33 |       ||    77
         Troll leather arm |       |       |    27 |    42 ||    69
         Acid dragon scale |       |       |       |    21 ||    21
  Dodge: Dodged            |    38 |    31 |    98 |   121 ||   288
  Block: Other             |       |     6 |    27 |    39 ||    72

Table legend: (Time is in decaauts)
 A = Elapsed time spent in this place.
 B = Non-inter-level travel time spent in this place.
 C = Inter-level travel time spent in this place.
 D = Time resting spent in this place.
 E = Time spent auto-exploring this place.
 F = Levels seen in this place.
 G = Mean time per level.
                   A        B        C        D        E       F      G
               +--------+--------+--------+--------+--------+-----+--------+
         Total |   8390 |   7961 |    429 |     90 |   6202 |  14 |  599.3 |
       Dungeon |   8230 |   7801 |    429 |     48 |   6135 |  13 |  633.1 |
         Sewer |    159 |    159 |      0 |     42 |     67 |   1 |  159.0 |
               +--------+--------+--------+--------+--------+-----+--------+

Top non-repeatable levels by time:
     D:4: 1013 daAuts
     D:2: 965 daAuts
     D:9: 934 daAuts
     D:5: 929 daAuts
     D:8: 862 daAuts
    D:10: 731 daAuts
     D:6: 691 daAuts
     D:7: 644 daAuts
     D:3: 607 daAuts
     D:1: 431 daAuts
    D:12: 410 daAuts
   Sewer: 159 daAuts
    D:13: 8 daAuts
